 Dungeon Crawl Stone Soup version 0.19.1 (webtiles) character file.

82 Melicamp the Bolt Thrower (level 4, 0/25 HPs)
             Began as a Kobold Arcane Marksman on Nov 27, 2016.
             Slain by Pihi's ghost (18 damage)
             ... on level 3 of the Dungeon.
             The game lasted 00:23:16 (2130 turns).

Melicamp the Bolt Thrower (Kobold Arcane Marksman)  Turns: 2130, Time: 00:23:16

Health: 0/25       AC:  2    Str:  8    XL:     4   Next: 70%
Magic:  5/5        EV: 15    Int: 14    God:
Gold:   167        SH:  0    Dex: 15    Spells: 1 memorised, 4 levels left

rFire  . . .     SeeInvis .     h - +0 hunting sling (velocity)
rCold  . . .     Gourm    .     e - +0 robe
rNeg   . . .     Faith    .     (shield restricted)
rPois  .         Spirit   .     (no helmet)
rElec  .         Reflect  .     (no cloak)
rCorr  .         Harm     .     (no gloves)
MR     .....                    (no boots)
Stlth  +.........               (no amulet)
                                (no ring)
                                (no ring)

@: no status effects
A: carnivore 3
a: no special abilities


You were on level 3 of the Dungeon.
You were completely stuffed.

You visited 1 branch of the dungeon, and saw 3 of its levels.

You collected 167 gold pieces.

Inventory:

Hand Weapons
 a - a +0 hand crossbow
 g - a +0 spear of venom
 h - a +0 hunting sling of velocity (weapon)
Missiles
 d - 15 bolts
 i - 69 stones (quivered)
 o - 16 sling bullets
Armour
 e - a +0 robe (worn)
 m - a cursed +0 leather armour
Jewellery
 j - a +3 ring of dexterity {unknown}
Scrolls
 p - 2 scrolls of fear
Potions
 b - 2 potions of degeneration {unknown}
 k - a potion of curing {unknown}
 l - 3 potions of haste {unknown}
 q - a potion of agility {unknown}
Books
 c - a book of Debilitation

   Spells                             Type                      Level
   a - Corona                         Hexes                        1
   b - Slow                           Hexes                        2
   c - Gell's Gravitas                Hexes/Translocation          3
   d - Inner Flame                    Hexes/Fire                   3
   e - Cause Fear                     Hexes                        4
   f - Leda's Liquefaction            Hexes/Earth                  4
Comestibles
 f - 3 meat rations
 n - 3 chunks of flesh


   Skills:
 - Level 1.1 Fighting
 * Level 2.0 Slings
 + Level 4.7 Crossbows
 - Level 2.4 Dodging
 - Level 1.1 Spellcasting
 - Level 3.0 Hexes


You had 4 spell levels left.
You knew the following spells:

 Your Spells              Type           Power        Failure   Level  Hunger
a - Corona                Hex            #......      10%         1    ##.....


Dungeon Overview and Level Annotations

Branches:
Dungeon (3/15)

Altars:
Okawaru
Uskayaw
Vehumet
The Shining One

Annotations:
D:3 Pihi's ghost, amateur VSFi


Innate Abilities, Weirdness & Mutations

You are small and have problems with some larger weapons.
You are carnivorous and can eat meat at any time.


Message History

Aiming: Corona
Press: ? - help, Shift-Dir - straight line, f - Pihi's ghost
Aim: Pihi's ghost, wielding a weapon of electrocution (hasn't noticed you, chance to defeat MR: 32%) Pihi's ghost turns its malevolent gaze towards you.
Pihi's ghost is outlined in light.
Pihi's ghost moves out of view.
Firing (i - inventory. (,) - cycle):
i - 71 stones (quivered)
Press: ? - help, Shift-Dir - straight line, f/p - Pihi's ghost
Aim: Pihi's ghost, wielding a weapon of electrocution (softly glowing)
You shoot a stone. The stone hits Pihi's ghost.
Pihi's ghost is lightly damaged.
A frilled lizard comes into view.
Firing (i - inventory. (,) - cycle):
i - 70 stones (quivered)
Press: ? - help, Shift-Dir - straight line, f/p - Pihi's ghost
Aim: Pihi's ghost, wielding a weapon of electrocution (lightly damaged, softly glowing)
You shoot a stone. The stone hits Pihi's ghost.
Pihi's ghost is lightly damaged.
Pihi's ghost stops glowing.
Pihi's ghost hits you!
You are electrocuted!
Ouch! That really hurt!
You die...

#...#########....#.
#................
#####........####
##### #.##..####
..)..#####.##...#
.####..........#.#
...........#####..#
#####.W#### #.#
#@....# .. ##
#.#...#######.#
.#####.###......#
.. ..##...#
#..###... #.##.###
##.# #.##.# #.#
#.##.# #.###
###..#.# #...##
##......#
###..######


You could see Pihi's ghost.

Vanquished Creatures
  2 adders
  A gnoll (D:1)
  A worm (D:2)
  2 dart slugs
  A leopard gecko (D:2)
  An orc (D:3)
  2 ball pythons
  3 giant cockroaches
  4 goblins
  4 hobgoblins
  5 kobolds
  2 quokkas
  6 bats
  11 rats
45 creatures vanquished.

Notes
Turn   | Place    | Note
-------+----------+-------------------------------------------
     0 | D:1      | Melicamp the Kobold Arcane Marksman began the quest for the Orb.
     0 | D:1      | Reached XP level 1. HP: 12/12 MP: 2/2
   124 | D:1      | Reached skill level 3 in Crossbows
   162 | D:1      | Reached XP level 2. HP: 16/16 MP: 0/3
   365 | D:1      | Reached skill level 4 in Crossbows
   365 | D:1      | Reached XP level 3. HP: 20/20 MP: 1/4
   992 | D:2      | Reached skill level 1 in Slings
  1057 | D:2      | Reached XP level 4. HP: 25/25 MP: 2/5
  1555 | D:2      | Found a radiant altar of Vehumet.
  1640 | D:2      | Found a glowing golden altar of the Shining One.
  1642 | D:2      | Found an iron altar of Okawaru.
  1644 | D:2      | Found a hide-covered altar of Uskayaw.
  2100 | D:3      | Noticed Pihi's ghost (amateur VSFi)
  2130 | D:3      | Slain by Pihi's ghost

Skill      XL: |  1  2  3  4 |
---------------+-------------+-----
Crossbows      | 3 4 |  4.7
Slings         | 1 2 |  2.0
Fighting       | |  1.1
Dodging        | |  2.4
Spellcasting   | |  1.1
Hexes          | |  3.0

Action                   |  1- 3 |  4- 6 || total
-------------------------+-------+-------++-------
 Fire: Hand crossbow     |    39 |       ||    39
       Hunting sling     |    24 |    66 ||    90
 Cast: Corona            |    18 |    12 ||    30
  Use: Scroll            |     3 |     2 ||     5
  Eat: Chunk             |     9 |     4 ||    13
Armor: Robe              |     4 |     2 ||     6
Dodge: Dodged            |    11 |    25 ||    36
